 Dungeon Crawl Stone Soup version 0.20.1-1-g8b1a95d (webtiles) character file.

357 virtuosoj the Poker (level 6, -1/44 HPs)
             Began as a Merfolk Skald on Dec 3, 2017.
             Was an Initiate of Gozag.
             Killed from afar by Sigmund (8 damage)
             ... with a puff of flame
             ... on level 4 of the Dungeon.
             The game lasted 00:13:48 (5651 turns).

virtuosoj the Poker (Merfolk Skald)                 Turns: 5651, Time: 00:13:49

Health: -1/44      AC:  9    Str: 11    XL:     6   Next: 64%
Magic:  5/9        EV: 13    Int: 13    God:    Gozag
Gold:   290        SH:  0    Dex: 15    Spells: 1/9 levels left

rFire    . . .     SeeInvis .   u - +0 halberd
rCold    + . .     Gourm    .   (shield currently unavailable)
rNeg     . . .     Faith    .   k - +3 leather armour {rC+}
rPois    .         Spirit   .   f - +2 hat {MR+}
rElec    .         Reflect  .   (no cloak)
rCorr    .         Harm     .   e - +0 pair of gloves
MR       +....                  (no boots)
Stlth    +.........             (no amulet)
Regen    0.2/turn               (no ring)
MPRegen  0.2/turn               (no ring)

@: no status effects
A: change form in water, swift swim, stealthy swim
a: Potion Petition, Call Merchant, Bribe Branch, Renounce Religion


You were on level 4 of the Dungeon.
You worshipped Gozag.
Gozag was aware of your devotion.
You were not hungry.

You visited 2 branches of the dungeon, and saw 6 of its levels.

You collected 355 gold pieces.
You paid 65 gold pieces to Gozag.

Inventory:

Hand Weapons
 a - a +0 spear
 u - a +0 halberd (weapon)
Missiles
 s - 4 needles of paralysis
Armour
 e - a +0 pair of gloves (worn)
 f - a +2 hat of magic resistance (worn)
 k - a +3 leather armour of cold resistance (worn)
 l - a +0 helmet
 w - a +0 pair of gloves
Jewellery
 t - a cursed amulet of inaccuracy {unknown}
Scrolls
 b - 3 scrolls of enchant armour {unknown}
 h - 2 scrolls of amnesia {unknown}
 i - a scroll of fog {unknown}
 j - 3 scrolls of identify {unknown}
 n - 2 scrolls of blinking {unknown}
 o - 4 scrolls of remove curse {unknown}
 q - a scroll of fear {unknown}
 v - a scroll of noise {unknown}
 y - a scroll of teleportation {unknown}
Potions
 p - a potion of curing
 r - a potion of resistance {unknown}
 x - a potion of might {unknown}
 z - a potion of heal wounds {unknown}
Books
 c - a book of Battle

   Spells                             Type                      Level
   a - Infusion                       Charms                       1
   b - Shroud of Golubria             Charms/Translocation         2
   c - Song of Slaying                Charms                       2
   d - Spectral Weapon                Hexes/Charms                 3
   e - Regeneration                   Charms/Necromancy            3
Comestibles
 d - 3 bread rations
 g - 5 royal jellies
 m - 3 meat rations


   Skills:
 - Level 2.2 Fighting
 - Level 6.2 Polearms
 - Level 0.6 Armour
 - Level 4.0 Dodging
 - Level 2.0 Spellcasting
 * Level 2.9 Hexes
 - Level 5.0 Charms
 - Level 0.1 Translocations


You had one spell level left.
You knew the following spells:

 Your Spells              Type           Power        Failure   Level  Hunger
a - Infusion              Chrm           ##..         4%          1    ##.....
b - Song of Slaying       Chrm           ##......     6%          2    ###....
c - Shroud of Golubria    Chrm/Tloc      #.........   19%         2    ###....
d - Spectral Weapon       Hex/Chrm       ##......     21%         3    ####...


Dungeon Overview and Level Annotations

Branches:
Dungeon (5/15)             Temple (1/1) D:4

Altars:
Cheibriados
Fedhas
Gozag
Hepliaklqana
Nemelex Xobeh
Sif Muna
Trog
Vehumet

Annotations:
D:4 Sigmund
D:5 Eustachio


Message History

Deactivating autopickup; reactivate with Ctrl-A.
The worker ant completely misses you.
A magic dart appears from out of thin air!
The magic dart hits you!
* * * LOW HITPOINT WARNING * * *
Casting: Shroud of Golubria
Confirm with . or Enter, or press ? or * to list all spells.
Space distorts slightly along a thin shroud covering your body.
Your shroud bends the worker ant's attack away.
The worker ant bites you but does no damage.
Your shroud begins to fray at the edges.
The worker ant bites you but does no damage.
A dart slug comes into view.
The worker ant barely misses you.
Your shroud unravels.
Sigmund says, "Your kind have come here before.
I understand now why.
You desire death..."
Sigmund casts a spell at you. The puff of flame hits you!
You die...
Your body crumbles into a pile of gold.

.##.###.....#.#..#)..........#.#.
...........#.#..#...............
###.##......#.#.............##.#.
#..#...................##.#.
#...........#..........##...
.............................
####.##.#...#.#.............@.
#..........................
#........a@.##.#>..........
##..........###.###.#####...
#....##.....###.###...###.##
###..###.##.......##...#...##
####...........####.###.#.###...
#........@.w...# #.#####.....##
#........##.#..# #.#.....###.##
#........##....####.............
#........####....##.#.#.#####...


You could see Sigmund and a worker ant.

Vanquished Creatures
  Edmund (D:4)
  A centaur skeleton (D:4)
  An orc wizard (D:4)
  4 gnolls (D:4)
  6 adders
  A worm (D:2)
  2 dart slugs
  6 leopard geckos
  3 orcs
  2 ball pythons (D:2)
  9 bats
  5 giant cockroaches
  2 hobgoblins
  10 jackals (D:3)
  5 kobolds
  A quokka (D:2)
  2 frilled lizards
  10 goblins
  A jackal skeleton (D:4)
  A leopard gecko zombie (D:5)
  A quokka skeleton (D:4)
  8 rats
82 creatures vanquished.

Notes
Turn   | Place    | Note
-------+----------+-------------------------------------------
     0 | D:1      | virtuosoj the Merfolk Skald began the quest for the Orb.
     0 | D:1      | Reached XP level 1. HP: 16/16 MP: 3/3
   322 | D:1      | Reached XP level 2. HP: 16/22 MP: 0/5
   341 | D:1      | Learned a level 2 spell: Song of Slaying
   344 | D:1      | Learned a level 2 spell: Shroud of Golubria
  1364 | D:1      | Reached XP level 3. HP: 21/27 MP: 2/6
  1834 | D:2      | Reached XP level 4. HP: 33/33 MP: 3/7
  2427 | D:3      | Reached skill level 5 in Charms
  3022 | D:3      | Reached skill level 4 in Polearms
  3024 | D:3      | Reached XP level 5. HP: 37/38 MP: 1/8
  3498 | D:3      | Found an opulent altar of Gozag.
  3498 | D:3      | Found a sparkling altar of Nemelex Xobeh.
  3498 | D:3      | Found a blossoming altar of Fedhas.
  3498 | D:3      | Found a radiant altar of Vehumet.
  3523 | D:3      | Found a deep blue altar of Sif Muna.
  3525 | D:3      | Found a hazy altar of Hepliaklqana.
  3546 | D:3      | Became a worshipper of Gozag Ym Sagoz the Greedy
  3693 | D:4      | Found a staircase to the Ecumenical Temple.
  3777 | D:4      | Reached skill level 5 in Polearms
  3830 | D:4      | Noticed Sigmund
  3907 | Temple   | Entered the Ecumenical Temple
  4848 | D:5      | Entered Level 5 of the Dungeon
  5061 | D:5      | Learned a level 3 spell: Spectral Weapon
  5108 | D:5      | Noticed Eustachio
  5208 | D:4      | Reached skill level 6 in Polearms
  5208 | D:4      | Reached XP level 6. HP: 16/44 MP: 1/9
  5574 | D:4      | Noticed Edmund
  5578 | D:4      | Killed Edmund
  5651 | D:4      | Killed from afar by Sigmund

Skill      XL: |  1  2  3  4  5  6 |
---------------+-------------------+-----
Dodging        | 3 4 |  4.0
Charms         | 4 5 |  5.0
Polearms       | 4 6 |  6.2
Hexes          | 2 |  2.9
Fighting       | |  2.2
Armour         | |  0.6
Spellcasting   | |  2.0
Translocations | |  0.1

Action                   |  1- 3 |  4- 6 || total
-------------------------+-------+-------++-------
Melee: Spear             |    98 |   158 ||   256
       Halberd           |       |   104 ||   104
 Cast: Infusion          |    13 |    25 ||    38
       Shroud of Golubri |     5 |    26 ||    31
       Song of Slaying   |       |     4 ||     4
       Spectral Weapon   |       |     3 ||     3
  Use: Potion            |       |     1 ||     1
 Stab: Sleeping          |     1 |       ||     1
  Eat: Chunk             |     4 |     7 ||    11
       Bread ration      |       |     2 ||     2
Armor: Leather armour    |    29 |   104 ||   133
Dodge: Dodged            |    69 |   166 ||   235
